 Dungeon Crawl Stone Soup version 0.24.0-123-gd5b16e6ec5 (webtiles) character file.

Game seed: 17247129334306912968, levelgen mode: deterministic

263 FishyPogo the Cutter (level 6, 0/53 HPs)
             Began as a Gnoll Chaos Knight on Jan 29, 2020.
             Was a Plaything of Xom.
             Slain by a hippogriff (3 damage)
             ... on level 4 of the Dungeon.
             The game lasted 00:07:17 (2620 turns).

FishyPogo the Cutter (Gnoll Chaos Knight)           Turns: 2620, Time: 00:07:20

Health: 0/53       AC:  6    Str: 16    XL:     6   Next: 19%
Magic:  8/8        EV: 13    Int: 12    God:    Xom [*.....]
Gold:   191        SH:  0    Dex: 15    Spells: 8/8 levels left

rFire    . . .     SeeInvis .   a - +0 short sword (chaos)
rCold    . . .     Gourm    .   (no shield)
rNeg     . . .     Faith    .   b - +2 leather armour
rPois    .         Spirit   .   (helmet restricted)
rElec    .         Reflect  .   (no cloak)
rCorr    .         Harm     .   (no gloves)
MR       .....                  u - +0 pair of boots
Stlth    ++........             (no amulet)
HPRegen  0.17/turn              (no ring)
MPRegen  0.11/turn              (no ring)

@: no status effects
A: distributed training, fangs 1, horns 1, dopey 1, MP-powered wands, strong
nose
a: Renounce Religion


You were on level 4 of the Dungeon.
You worshipped Xom.
You were a special plaything of Xom.
You were hungry.

You visited 1 branch of the dungeon, and saw 4 of its levels.

You collected 191 gold pieces.

Inventory:

Hand Weapons
 a - a +0 short sword of chaos (weapon)
Missiles
 g - 21 poisoned darts (quivered)
 i - 104 stones
 n - 2 boomerangs
 s - 7 atropa-tipped darts
Armour
 b - a +2 leather armour (worn)
 u - a +0 pair of boots (worn)
 v - a +1 helmet
Jewellery
 m - a cursed -3 ring of evasion {unknown}
Scrolls
 d - a scroll of random uselessness
 e - 3 scrolls of teleportation
 f - a scroll of fog
 j - a scroll of remove curse
 o - a scroll of fear
 t - 2 scrolls of identify
Potions
 h - 3 potions of heal wounds {unknown}
 k - 2 potions of lignification {unknown}
 l - a potion of berserk rage
 q - a potion of flight {unknown}
 r - a potion of cancellation {unknown}
Comestibles
 c - 6 rations


   Skills:
 + Level 6.8 Fighting
 + Level 6.8 Short Blades
 + Level 1.8 Long Blades
 + Level 1.8 Axes
 + Level 1.8 Maces & Flails
 + Level 1.8 Polearms
 + Level 1.8 Staves
 + Level 1.8 Slings
 + Level 1.8 Bows
 + Level 1.8 Crossbows
 + Level 1.8 Throwing
 + Level 4.9 Armour
 + Level 3.1 Dodging
 + Level 1.8 Stealth
 + Level 1.8 Shields
 + Level 1.8 Unarmed Combat
 + Level 1.8 Spellcasting
 + Level 1.4 Conjurations
 + Level 1.4 Hexes
 + Level 1.4 Charms
 + Level 1.4 Summonings
 + Level 1.4 Necromancy
 + Level 1.4 Translocations
 + Level 1.4 Transmutations
 + Level 1.4 Fire Magic
 + Level 1.4 Ice Magic
 + Level 1.4 Air Magic
 + Level 1.4 Earth Magic
 + Level 1.4 Poison Magic
 + Level 2.0 Invocations
 + Level 1.8 Evocations


You had 8 spell levels left.
You didn't know any spells.
Your spell library was empty.

Dungeon Overview and Level Annotations

Branches:
Dungeon (4/15)
 Temple: D:4-7

Altars:
Ru

Annotations:
D:4 3 runed translucent doors, Xerdoz's ghost, novice OpTm; ploerhuhn's ghost, amateur GrFi


Innate Abilities, Weirdness & Mutations

Your experience applies equally to all skills.
You have very sharp teeth.
Your uncanny sense of smell can sniff out nearby items.
You have a pair of small horns on your head.
You are dopey. (Int -2)
You expend magic power (3 MP) to strengthen your wands.


Message History

The adder closely misses you. The hippogriff closely misses you.
The hippogriff barely misses you. The hippogriff claws you.
* * * LOW HITPOINT WARNING * * *
You barely miss the hippogriff.
You bite the hippogriff, but do no damage.
The hippogriff is heavily wounded.
The adder barely misses you.
You hit the adder.
You kill the adder!
Throwing (i - inventory. (/) - cycle)
g - 22 poisoned darts (quivered)
Press: ? - help, Shift-Dir - straight line, f - hippogriff
Aim: a hippogriff (heavily wounded, fast, confused)
You throw a poisoned dart. The poisoned dart hits the hippogriff.
The hippogriff is poisoned.
The hippogriff is heavily wounded.
The hippogriff bites you!
* * * LOW HITPOINT WARNING * * *
The hippogriff pecks you.
You die...
Xom snickers!

######### #.......# #.#####.#
##############.# #.#
.....(H@.......# #.#
#.####################.#
.....................>.#
#.#.####.##.#########..#
########.#.#.....#.# #<#......#
......##.#.#.##..#.###.#.###..#
......##.#.#.##........#.# ##.#
......##.#.#.##.##.#####.# #.##
......##.#.#.....#.......####..#


You could see a hippogriff (confused).

Vanquished Creatures
  2 worker ants
  5 gnolls (D:2)
  8 adders
  An ooze (D:1)
  3 worms
  A dart slug (D:2)
  5 leopard geckos
  15 bats
  3 giant cockroaches
  10 goblins
  7 hobgoblins
  2 jackals (D:2)
  4 kobolds
  2 quokkas
  4 frilled lizards
  8 rats
80 creatures vanquished.

Notes
Turn   | Place    | Note
-------+----------+-------------------------------------------
     0 | D:1      | FishyPogo the Gnoll Chaos Knight began the quest for the
                  | Orb.
     0 | D:1      | Reached XP level 1. HP: 23/23 MP: 1/1
   141 | D:1      | Reached XP level 2. HP: 29/29 MP: 2/2
   166 | D:1      | XOM: divination: magic mapping
   259 | D:1      | Reached XP level 3. HP: 27/35 MP: 3/3
   413 | D:1      | XOM: harmless Tloc miscast
   703 | D:2      | Reached skill level 1 in Invocations
   735 | D:2      | XOM: harmless Summ miscast
   738 | D:2      | Reached skill level 1 in Long Blades
   738 | D:2      | Reached skill level 1 in Axes
   738 | D:2      | Reached skill level 1 in Maces & Flails
   738 | D:2      | Reached skill level 1 in Polearms
   738 | D:2      | Reached skill level 1 in Staves
   738 | D:2      | Reached skill level 1 in Slings
   738 | D:2      | Reached skill level 1 in Bows
   738 | D:2      | Reached skill level 1 in Crossbows
   738 | D:2      | Reached skill level 1 in Throwing
   738 | D:2      | Reached skill level 1 in Stealth
   738 | D:2      | Reached skill level 1 in Shields
   738 | D:2      | Reached skill level 1 in Unarmed Combat
   738 | D:2      | Reached skill level 1 in Spellcasting
   738 | D:2      | Reached skill level 1 in Evocations
   738 | D:2      | Reached XP level 4. HP: 33/41 MP: 5/5
   739 | D:2      | XOM: potion effect (agility)
   740 | D:2      | XOM: potion effect (agility)
   741 | D:2      | XOM: cast spell 'Olgreb's Toxic Radiance'
   763 | D:2      | Reached skill level 1 in Conjurations
   763 | D:2      | Reached skill level 1 in Hexes
   763 | D:2      | Reached skill level 1 in Charms
   763 | D:2      | Reached skill level 1 in Summonings
   763 | D:2      | Reached skill level 1 in Necromancy
   763 | D:2      | Reached skill level 1 in Translocations
   763 | D:2      | Reached skill level 1 in Transmutations
   763 | D:2      | Reached skill level 1 in Fire Magic
   763 | D:2      | Reached skill level 1 in Ice Magic
   763 | D:2      | Reached skill level 1 in Air Magic
   763 | D:2      | Reached skill level 1 in Earth Magic
   763 | D:2      | Reached skill level 1 in Poison Magic
   963 | D:2      | XOM: god gift: ration
  1124 | D:2      | Reached XP level 5. HP: 43/47 MP: 6/6
  1128 | D:2      | XOM: cast spell 'Summon Small Mammal'
  1269 | D:2      | XOM: cloud trail
  1514 | D:2      | XOM: summons 1 hostile demon
  1819 | D:3      | Found a faded altar of an unknown god.
  2049 | D:3      | Found a sacrificial altar of Ru.
  2101 | D:3      | XOM: summons 1 hostile demon
  2140 | D:3      | XOM: give mutations
  2140 | D:3      | Gained mutation: You are dopey. (Int -2) [Xom's mischief]
  2140 | D:3      | Gained mutation: You expend magic power (3 MP) to
                  | strengthen your wands. [Xom's mischief]
  2140 | D:3      | Gained mutation: You have a pair of small horns on your
                  | head. [Xom's mischief]
  2179 | D:3      | Reached XP level 6. HP: 53/53 MP: 8/8
  2542 | D:4      | Found a runed translucent gate.
  2542 | D:4      | Found a runed translucent gate.
  2542 | D:4      | Found a runed translucent gate.
  2543 | D:4      | Noticed Xerdoz's ghost (novice OpTm)
  2544 | D:4      | Noticed ploerhuhn's ghost (amateur GrFi)
  2601 | D:4      | Noticed a hippogriff
  2605 | D:4      | XOM: confusion
  2613 | D:4      | XOM: swap monsters
  2620 | D:4      | Slain by a hippogriff

Levels and vault maps discovered:
D:1:      onia_arrival_mini_maze, layout_rooms
D:2:      layout_basic, hangedman_decor_diamond_cutter, minmay_joined_circles
D:3:      layout_basic, nicolae_overflow_hidden_temple,
          chequers_ecumenical_altar_simple
D:4:      layout_basic, minmay_temple_entry_statues_fountains,
          gammafunk_ghost_cemetery, small_statue_intersection, uniq_purgy

Skill      XL: |  1  2  3  4  5  6 |
---------------+-------------------+-----
Invocations    | 1 2 |  2.0
Long Blades    | 1 |  1.8
Axes           | 1 |  1.8
Maces & Flails | 1 |  1.8
Polearms       | 1 |  1.8
Staves         | 1 |  1.8
Slings         | 1 |  1.8
Bows           | 1 |  1.8
Crossbows      | 1 |  1.8
Throwing       | 1 |  1.8
Stealth        | 1 |  1.8
Shields        | 1 |  1.8
Unarmed Combat | 1 |  1.8
Spellcasting   | 1 |  1.8
Evocations     | 1 |  1.8
Conjurations   | 1 |  1.4
Hexes          | 1 |  1.4
Charms         | 1 |  1.4
Summonings     | 1 |  1.4
Necromancy     | 1 |  1.4
Translocations | 1 |  1.4
Transmutations | 1 |  1.4
Fire Magic     | 1 |  1.4
Ice Magic      | 1 |  1.4
Air Magic      | 1 |  1.4
Earth Magic    | 1 |  1.4
Poison Magic   | 1 |  1.4
Dodging        | 3 |  3.1
Fighting       | |  6.8
Short Blades   | |  6.8
Armour         | |  4.9

Action                   |  1- 3 |  4- 6 || total
-------------------------+-------+-------++-------
Melee: Short sword       |    81 |   171 ||   252
       Bite              |     7 |    22 ||    29
       Spear             |       |     7 ||     7
       Punch             |       |     1 ||     1
       Headbutt          |       |     7 ||     7
Throw: Dart              |       |     2 ||     2
  Use: Scroll            |       |    11 ||    11
 Stab: Sleeping          |     3 |     5 ||     8
       Confused          |       |     2 ||     2
       Paralysed         |       |     1 ||     1
  Eat: Chunk             |       |     5 ||     5
Armor: Leather armour    |    19 |    43 ||    62
Dodge: Dodged            |    44 |   123 ||   167
